AoeStats
← Joaquito

Arena

507634975Analyzed
3v3 RM · 14d ago on Sep 19, 2026· 32m 21s· 6 players
Game mode
Random Map
Map size
Normal (6 player)
Population
200
Speed
Normal
Resources
Standard
Victory
Conquest
Starting age
Dark Age
Ending age
Imperial Age
RankedLock teamsTeams togetherTeam positionsShared explorationLock speedFull tech treeHidden civsTurbo modeCheats
Victory
Defeat
🇨🇱 Ethiopians · Chile
1110
+15
🇨🇱 Cumans · Chile
1080
+17
🇨🇱 Spanish · Chile
1007
+20
🇬🇪 Britons · Georgia
1129
-19
🇲🇽 Poles · Mexico
1078
-17
🇨🇳 Spanish · China
1068
-16
Joaquito
9:57 Feudal Age
11:06 Double-Bit Axe
18:34 Fletching
18:45 Padded Archer Armor
22:15 Castle Age
22:41 Gold Mining
22:21 Crossbowman
23:15 Thumb Ring
23:00 Horse Collar
23:42 Bodkin Arrow
27:15 Leather Archer Armor
29:10 Gold Shaft Mining
31:19 Wheelbarrow
30:29 Loom
Arzzeus
10:49 Feudal Age
14:24 Castle Age
13:28 Stone Mining
14:11 Horse Collar
15:11 Double-Bit Axe
18:44 Loom
21:04 Heavy Plow
22:03 Gold Mining
28:05 Wheelbarrow
29:34 Hand Cart
30:41 Murder Holes
30:56 Masonry
31:07 Ballistics
cacadecaca38
12:25 Feudal Age
12:58 Man-at-Arms
15:41 Gold Mining
25:57 Double-Bit Axe
27:38 Fletching
27:49 Padded Archer Armor
32:08 Castle Age
Inquisidor
10:07 Feudal Age
14:53 Castle Age
13:03 Double-Bit Axe
26:18 Scale Barding Armor
26:10 Gold Mining
27:05 Light Cavalry
29:26 Wheelbarrow
29:54 Bloodlines
29:57 Forging
30:39 Husbandry
easymoney
11:20 Feudal Age
15:13 Castle Age
14:20 Double-Bit Axe
14:20 Horse Collar
17:52 Stone Mining
19:18 Loom
29:05 Bow Saw
Dante_in_the_deep
10:31 Feudal Age
15:04 Castle Age
13:48 Double-Bit Axe
13:45 Horse Collar
23:48 Bow Saw
23:48 Heavy Plow
24:09 Loom
25:03 Wheelbarrow
24:16 Town Watch
24:59 Fletching
25:10 Padded Archer Armor
25:18 Gold Mining
28:02 Bodkin Arrow
28:23 Leather Archer Armor
28:24 Pikeman
29:07 Squires
31:38 Gold Shaft Mining
33:45 Imperial Age
31:34 Hand Cart
32:03 Scale Mail Armor
32:14 Forging
Connection lost

Rejoining the realm…

Still unreachable

The connection could not be restored.

Session expired

The server has moved on; the page needs a fresh start.